Workbook

Sheet Orçamento Sintético
D1: Obra | E1: B.D.I. | H1: Encargos Sociais
D2: Orçamento Escola Maria Helena (MANACA) | E2: 0.2668 | H2: Não Desonerado: embutido nos preços unitário dos insumos de mão de obra, de acordo com as bases.
A3: Planilha Orçamentária Sintética Com Valor da Mão de Obra
A4: Item | B4: Código | C4: Banco | D4: Descrição | E4: Und | F4: Quant. | G4: Valor Unit | H4: Valor Unit com BDI | I4: Mão de Obra | K4: Total
I5: Valor | J5: %
A6: 1 | D6: Pintura | K6: 58998.99
A7: 1.2 | B7: 261302 | C7: AGETOP CIVIL | D7: PINTURA LATEX DUAS DEMAOS COM SELADOR | E7: m² | F7: 867 | G7: 11.52 | H7: 14.56 | I7: 7317.48 | J7: 57.97 | K7: =12623.52 -> 12623.52
A8: 1.3 | B8: 261000 | C8: AGETOP CIVIL | D8: PINTURA LATEX ACRILICA 2 DEMAOS C/SELADOR | E8: m² | F8: 584.27 | G8: 12.82 | H8: 16.2 | I8: 5889.44 | J8: 62.22 | K8: =9465.17 -> 9465.17
A9: 1.4 | B9: 260901 | C9: AGETOP CIVIL | D9: PINTURA VERNIZ EM MADEIRA 2 DEMAOS | E9: m² | F9: 27 | G9: 23.68 | H9: 29.94 | I9: 227.88 | J9: 28.19 | K9: =808.38 -> 808.38
A10: 1.5 | B10: 100758 | C10: SINAPI | D10: PINTURA COM TINTA ALQUÍDICA DE ACABAMENTO (ESMALTE SINTÉTICO ACETINADO) APLICADA A ROLO OU PINCEL SOBRE SUPERFÍCIES METÁLICAS (EXCETO PERFIL) EXECUTADO EM OBRA (02 DEMÃOS). AF_01/2020 | E10: m² | F10: 4 | G10: 52.9 | H10: 66.88 | I10: 148.84 | J10: 55.64 | K10: =267.52 -> 267.52
A11: 1.6 | B11: 102494 | C11: SINAPI | D11: PINTURA DE PISO COM TINTA EPÓXI, APLICAÇÃO MANUAL, 2 DEMÃOS, INCLUSO PRIMER EPÓXI. AF_05/2021 | E11: m² | F11: 420 | G11: 67.48 | H11: 85.32 | I11: 4002.6 | J11: 11.17 | K11: =35834.4 -> 35834.4
A12: 2 | D12: Portas | K12: =K13+K14+K15 -> 5608.61
A13: 2.1 | B13: 90822 | C13: SINAPI | D13: PORTA DE MADEIRA PARA PINTURA, SEMI-OCA (LEVE OU MÉDIA), 80X210CM, ESPESSURA DE 3,5CM, INCLUSO DOBRADIÇAS - FORNECIMENTO E INSTALAÇÃO. AF_12/2019 | E13: UN | F13: 10 | G13: 367.43 | H13: 464.57 | I13: 533.5 | J13: 11.48 | K13: =4645.7 -> 4645.7
A14: 2.2 | B14: 97644 | C14: SINAPI | D14: REMOÇÃO DE PORTAS, DE FORMA MANUAL, SEM REAPROVEITAMENTO. AF_09/2023 | E14: m² | F14: 16.8 | G14: 9.55 | H14: 12.07 | I14: 139.77 | J14: 68.93 | K14: =202.77 -> 202.77
A15: 2.2 | B15: 180509 | C15: AGETOP CIVIL | D15: PORTA DE ABRIR DE 01 FOLHA EM CHAPA DE AÇO PARA SANITÁRIO PF-10 C/FERRAGENS | E15: m² | F15: 1.44 | G15: 417.5 | H15: 527.88 | I15: 84.36 | J15: 11.1 | K15: =760.14 -> 760.14
A16: 2.2 | D16: Janelas | K16: =K17 -> 262.46
A17: 2.2 | B17: 190109 | C17: AGETOP CIVIL | D17: VIDRO CANELADO - COLOCADO | E17: m² | F17: 1.056 | G17: 196.58 | H17: 248.55 | I17: 0 | J17: 0 | K17: =262.46 -> 262.46
A18: 3 | D18: Trava Telhado | K18: 6000
A19: 3.1 | D19: Ferragens | E19: UM | F19: 33 | G19: 60.606 | H19: 60.606 | I19: - | J19: - | K19: 6000
A20: 4 | D20: Transporte | K20: 472.5
A21: 4.1 | B21: 30110 | C21: AGETOP CIVIL | D21: Carroceria | E21: TKM | F21: 50 | G21: 0.63 | H21: 0.63 | K21: 472.5
H22: Total sem BDI | J22: 51314.26
H23: Total do BDI | J23: 13555.8
H24: Total Geral | J24: =K20+K18+K16+K12+K6 -> 71342.56
A26: _______________________________________________________________ Lucas Ferreira do Couto Setor de Engenharia

Sheet CRONOGRAMA
A5: PREFEITURA MUNICIPAL DE CRISTALINA
A6: =[1]ORÇAMENTO!A5 -> OBJETO: PINTURA DE PAREDES E TROCA DE PORTAS
A7: =[1]ORÇAMENTO!A6 -> ENDEREÇO: FAZENDA PA MANACA BR040 KM 128 A ESQUERDA, ZONA RURAL, CRISTALINA, 73850-000. | F7: DBI | G7: =[1]ORÇAMENTO!$I$6 -> 0.2644
A8: =[1]ORÇAMENTO!A7 -> ÁREA: 1221,51 M²
A9: =[1]ORÇAMENTO!A8 -> REFERÊNCIA:TABELA DE CUSTOS DE OBRAS CIVIS - T244 - FEVEREIRO/2024 - SEM DESONERAÇÃO
A11: CRONOGRAMA FÍSICO FINANCEIRO
A13: ITEM | B13: DESCRIÇÃO DOS SERVIÇOS | C13: TOTAL | E13: 30DIAS | G13: TOTAL | H13: 30DIAS | J13: TOTAL
C14: VALOR | D14: % | E14: VALOR | F14: % | H14: VALOR | I14: %
A15: 1 | B15: =[1]ORÇAMENTO!C12 -> PINTURA | C15: 58998.99 | D15: =C15/$C$19 -> 0.88229306 | E15: =C15*F15 -> 0 | H15: =E15*I15 -> 0 | J15: =I15 -> 0
A16: 2 | B16: PORTAS | C16: 5608.61 | D16: =C16/C19 -> 0.083873261 | E16: =C16*F16 -> 0 | H16: =E16*I16 -> 0
A17: 3 | B17: JANELAS | C17: 262.46 | D17: =C17/C19 -> 0.0039249254 | E17: =C17*F17 -> 0 | H17: =E17*I17 -> 0
A18: 4 | B18: TRAVA TELHADO | C18: 2000 | D18: =C18/C19 -> 0.029908751 | E18: =C18*F18 -> 0 | H18: =E18*I18 -> 0
B19: TOTAL | C19: =C15+C16+C17+C18 -> 66870.06 | D19: =SUM(D15:D18) -> 1
A20: PARCELAS | E20: =SUM(E15:E19) -> 0 | F20: =E20/$C$19 -> 0 | G20: =G19 -> 0 | H20: =SUM(H15:H19) -> 0 | I20: =H20/$C$19 -> 0 | J20: =J19 -> 0
A21: PARCELAS ACUMULADAS | E21: =E20 -> 0 | F21: =F20 -> 0 | G21: =F21 -> 0 | H21: =H20 -> 0 | I21: =I20 -> 0 | J21: =I21 -> 0
D24: CRISTALINA-GO, 04 DE JULHO 2024

Sheet BDI
A2: COMPOSIÇÃO DO BDI
A4: PROPONENTE
A5: PREFEITURA MUNICIPAL DE CRISTALINA - GO
A7: OBJETO
A8: =[1]ORÇAMENTO!#REF! -> #REF!
A10: TIPO DE OBRA DO EMPREENDIMENTO | I10: DESONERAÇÃO
A11: Construção e Reforma de Edifícios | I11: Sim
A12: Construção e Reforma de Edifícios
A13: Conforme legislação tributária municipal, definir estimativa de percentual da base de cálculo para o ISS: | I13: 0.5
A14: Sobre a base de cálculo, definir a respectiva alíquota do ISS (entre 2% e 5%): | I14: 0.05
A15: Valor do ISS após incidência da base de cálculo | I15: =J13*J14 -> 0
A17: Itens | I17: Siglas | J17: % Adotado
A19: =IF($I$11=$A$48,"Encargos Sociais incidentes sobre a mão de obra","Administração Central") -> Administração Central | I19: =IF($I$11=$A$48,"K1","AC") -> AC | J19: 0.0401
A20: =IF($I$11=$A$48,"Administração Central da empresa ou consultoria - overhead","Seguro e Garantia") -> Seguro e Garantia | I20: =IF($I$11=$A$48,"K2","SG") -> SG | J20: 0.0011
A21: =IF($I$11=$A$48,"","Risco") -> Risco | I21: =IF($I$11=$A$48,"","R") -> R | J21: 0.0056
A22: =IF($I$11=$A$48,"","Despesas Financeiras") -> Despesas Financeiras | I22: =IF($I$11=$A$48,"","DF") -> DF | J22: 0.0077
A23: =IF($I$11=$A$48,"Margem bruta da empresa de consultoria","Lucro") -> Lucro | I23: =IF($I$11=$A$48,"K3","L") -> L | J23: 0.073
A24: Tributos (impostos COFINS 3%, e PIS 0,65%) | I24: CP | J24: 0.0365
A25: Tributos (ISS, variável de acordo com o município) | I25: ISS | J25: 0.025
A26: Tributos (Contribuição Previdenciária - 0% ou 4,5%, conforme Lei 12.844/2013 - Desoneração) | I26: CPRB | J26: 0.045
A27: BDI SEM desoneração (Fórmula Acórdão TCU) | I27: BDI PAD | J27: =ROUND((((1+J19+J20+J21)*(1+J22)*(1+J23)/(1-(J24+J25)))-1),4) -> 0.206
A28: BDI COM desoneração | I28: BDI DES | J28: =ROUND((((1+J19+J20+J21)*(1+J22)*(1+J23)/(1-(J24+J25+J26)))-1),4) -> 0.2668
A30: Os valores de BDI foram calculados com o emprego da fórmula:
D31: =IF(I11="Sim","BDI.DES =","BDI.PAD =") -> BDI.DES = | E31: =IF($I$11=$A$48,"(1+K1+K2)*(1+K3)","(1+AC + S + R + G)*(1 + DF)*(1+L)") -> (1+AC + S + R + G)*(1 + DF)*(1+L) | H31: - 1
E32: =IF(K11="Sim","(1-CP-ISS-CRPB)","(1-CP-ISS)") -> (1-CP-ISS)
